 Dungeon Crawl Stone Soup version 0.30.0-15-g856e2d3f33 (webtiles) character file.

Game seed: 6414747433566503173

74 bmack86 the Insei (level 4, 0/29 HPs)
             Began as an Octopode Transmuter on May 20, 2023.
             Slain by a gnoll
             ... wielding a +0 spear
              (10 damage)
             ... on level 2 of the Dungeon.
             The game lasted 00:10:04 (991 turns).

bmack86 the Insei (Octopode Transmuter)              Turns: 991, Time: 00:10:04

Health: 0/29       AC:  1    Str: 11    XL:     4   Next: 30%
Magic:  7/8        EV: 12    Int: 15    God:
Gold:   61         SH:  3    Dex: 12    Spells: 4/8 levels left

rFire   . . .        g - +0 falchion (spect)
rCold   . . .        n - +0 buckler
rNeg    . . .        (helmet restricted)
rPois   .            (no amulet)
rElec   .            e - ring of resist corrosion
rCorr   +            (no ring)
SInv    .            (no ring)
Will    .....        (no ring)
Stlth   ++           (no ring)
HPRegen 0.24/turn    (no ring)
MPRegen 0.11/turn    (no ring)
                     (no ring)

%: no passive effects
@: no status effects
A: almost no armour, amphibious, 8 rings, camouflage 1, gelatinous body 1,
(nimble swimmer 1), tentacles
a: no special abilities


You were on level 2 of the Dungeon.
You visited 1 branch of the dungeon, and saw 2 of its levels.

You collected 61 gold pieces.

Inventory:

Hand Weapons
 b - a +0 dagger
 g - a +0 spectral falchion (weapon)
 k - a +0 whip
 l - a +0 dagger of venom
Armour
 n - a +0 buckler (worn)
Jewellery
 e - a ring of resist corrosion (left tentacle)
Scrolls
 c - a scroll of teleportation {unknown}
 i - a scroll of fog {unknown}
 j - 2 scrolls of blinking {unknown}
 m - a scroll of identify
Potions
 a - a potion of lignification
 d - a potion of brilliance
 f - 2 potions of ambrosia {unknown}
 h - a potion of degeneration


   Skills:
 + Level 2.2 Fighting
 + Level 0.8 Long Blades
 - Level 2.0 Dodging
 + Level 3.6 Unarmed Combat
 + Level 2.7 Spellcasting
 - Level 2.0 Transmutations


You had 4 spell levels left.
You knew the following spells:

 Your Spells              Type           Power      Damage    Failure   Level
a - Beastly Appendage     Tmut           16%        N/A       13%         1
b - Spider Form           Tmut/Pois      5%         N/A       52%         3

Your spell library contained the following spells:

 Spells                   Type           Power      Damage    Failure   Level
 Wereblood                Tmut           8%         N/A       21%         2
 Ignite Poison            Fire/Tmut/Pois 4%         N/A       56%         3
 Ice Form                 Ice/Tmut       5%         N/A       89%         4
 Sticky Flame             Conj/Fire      2%         2d3       96%         4
 Ignition                 Fire           1%         3d3       100%        8


Dungeon Overview and Level Annotations

Branches:
Dungeon (2/15)

Altars:


Innate Abilities, Weirdness & Mutations

You cannot wear most types of armour.
You are amphibious.
You can wear up to eight rings at the same time.
Your skin changes colour to match your surroundings (Stealth+).
Your rubbery body absorbs attacks. (AC +1, EV +1)
((You are camouflaged when in or above water. (Stealth+)))
You have tentacles for arms and can constrict up to eight enemies at once.


Message History

Your +0 spectral falchion barely misses the gnoll.
You constrict the gnoll. The gnoll closely misses you.
The gnoll barely misses you.
You hit the gnoll but do no damage. You squeeze the gnoll.
You kill the gnoll!
Your +0 spectral falchion disappears.
You start resting.
HP restored.
You see here a +0 club.
You see here a +0 club.
You see here a +0 club.
The gnoll shouts! x2
You hit the gnoll but do no damage. You grab the gnoll.
You constrict the gnoll. The gnoll closely misses you.
You hit the gnoll. You squeeze the gnoll.
The gnoll is severely wounded.
You constrict the gnoll.
You kill the gnoll!
The gnoll hits you from afar with a +0 spear.
You have reached level 4!
The gnoll misses you.
You slash the gnoll! Your grab misses the gnoll.
The gnoll is heavily wounded.
The gnoll hits you from afar with a +0 spear!
The gnoll barely misses you.
You closely miss the gnoll. You grab the gnoll. You squeeze the gnoll.
The gnoll is almost dead.
You constrict the gnoll.
You kill the gnoll!
The gnoll barely misses you. x2
The gnoll hits you with a +0 spear.
Things that are here:
a +0 spear; a gnoll corpse You hit the gnoll.
You grab the gnoll.
The gnoll is moderately wounded.
You constrict the gnoll. The gnoll hits you with a +0 spear.
You barely miss the gnoll.
The gnoll is heavily wounded.
You constrict the gnoll. The gnoll hits you with a +0 spear!
You die...

########### #†........#
##########.######)#.#
...........###..@###.#
#..............##g#..####
..#######...............#########
...........######.....#..........
..########.# .....##########. ..#
#.# .....# #...... ..# #.# #.####
#.####. ..# .. .# #.# ## ... #
######.#####


You could see a gnoll.

Vanquished Creatures
  An adder (D:2)
  3 gnolls (D:2)
  A worm (D:2)
  A dart slug (D:2)
  4 bats
  An endoplasm (D:1)
  4 giant cockroaches
  A goblin (D:2)
  A hobgoblin (D:1)
  2 jackals (D:1)
  A quokka (D:2)
  2 ball pythons
  A frilled lizard (D:2)
  5 kobolds
  2 rats
30 creatures vanquished.

Notes
Turn   | Place    | Note
-------+----------+-------------------------------------------
     0 | D:1      | bmack86 the Octopode Transmuter began the quest for the
                  | Orb.
     0 | D:1      | Reached XP level 1. HP: 13/13 MP: 3/3
   209 | D:1      | Reached XP level 2. HP: 12/18 MP: 3/5
   554 | D:2      | Reached XP level 3. HP: 17/24 MP: 6/6
   823 | D:2      | Found a faded altar of an unknown god.
   879 | D:2      | Learned a level 3 spell: Spider Form
   984 | D:2      | Reached XP level 4. HP: 27/29 MP: 6/8
   991 | D:2      | Slain by a gnoll

Illustrated notes

Levels and vault maps discovered:
D:1:      psy_arrival_spokes, layout_basic
D:2:      layout_loops_ring, shapermc_ecumenical_altar_gd,
          uniq_crazy_yiuf_cottage

Skill      XL: |  1  2  3 |
---------------+----------+-----
Fighting       | 2 |  2.2
Long Blades    | |  0.8
Dodging        | |  2.0
Unarmed Combat | |  3.6
Spellcasting   | |  2.7
Transmutations | |  2.0

Action                     |  1- 3 |  4- 6 || total
---------------------------+-------+-------++-------
  Melee: Dagger            |    17 |       ||    17
         Constrict         |    17 |     2 ||    19
         Kick              |     5 |       ||     5
         Tentacles         |    13 |     1 ||    14
         Unarmed           |     1 |       ||     1
         Falchion          |    42 |     4 ||    46
         Punch             |     1 |       ||     1
   Cast: Beastly Appendage |     5 |       ||     5
    Use: Scroll            |     3 |       ||     3
   Stab: Sleeping          |     5 |       ||     5
         Distracted        |     1 |       ||     1
 Armour: Skin              |     3 |       ||     3
  Dodge: Dodged            |    33 |     4 ||    37
